 Dungeon Crawl Stone Soup version 0.26-a0-646-g5d7718319a (webtiles) character file.

Game seed: 6914904613003638977

39 DogServant the Insei (level 3, -1/17 HPs)
             Began as a Vine Stalker Transmuter on Sept 23, 2020.
             Slain by a gnoll
             ... wielding a +0 spear
              (4 damage)
             ... on level 2 of the Dungeon.
             The game lasted 00:02:18 (1782 turns).

DogServant the Insei (Vine Stalker Transmuter)      Turns: 1782, Time: 00:02:19

Health: -1/17      AC:  2    Str: 13    XL:     3   Next: 47%
Magic:  0/7        EV: 12    Int: 13    God:
Gold:   96         SH:  0    Dex: 14    Spells: 5/6 levels left

rFire    . . .     SeeInvis .   i - +1 dagger (pain)
rCold    + . .     Faith    .   (no shield)
rNeg     . . .     Spirit   +   e - +0 robe {rC+}
rPois    .         Reflect  .   (helmet currently unavailable)
rElec    .         Harm     .   (no cloak)
rCorr    .         Rampage  .   (no gloves)
MR       .....                  (boots currently unavailable)
Stlth    +.........             (no amulet)
HPRegen  0.05/turn              (no ring)
MPRegen  0.10/turn              (no ring)

@: appendages (expiring)
A: fangs 2, horns 2, talons 2, magic shield, antimagic bite, no potion heal 3,
rot immunity
a: End Transformation


You were on level 2 of the Dungeon.
You had grown temporary horns.
You had grown temporary talons.
You visited 1 branch of the dungeon, and saw 2 of its levels.

You collected 96 gold pieces.

Inventory:

Hand Weapons
 i - a +1 dagger of pain (weapon)
Missiles
 g - 6 boomerangs (quivered)
Armour
 a - a +0 robe
 e - a +0 robe of cold resistance (worn)
Scrolls
 b - a scroll of noise {unknown}
 c - a scroll of enchant weapon {unknown}
 d - 2 scrolls of remove curse {unknown}
 h - a scroll of identify {unknown}
Potions
 f - a potion of brilliance {unknown}
 j - a potion of mutation {unknown}


   Skills:
 - Level 0.8 Fighting
 - Level 1.5 Dodging
 + Level 3.7 Unarmed Combat
 - Level 2.1 Spellcasting
 + Level 3.0 Transmutations


You had 5 spell levels left.
You knew the following spells:

 Your Spells              Type           Power        Failure   Level
a - Beastly Appendage     Tmut           #.....       8%          1

Your spell library contained the following spells:

 Spells                   Type           Power        Failure   Level
 Wereblood                Tmut           #.......     11%         2
 Spider Form              Tmut/Pois      #.........   38%         3
 Ice Form                 Ice/Tmut       #.......     80%         4
 Blade Hands              Tmut           #.........   90%         5


Dungeon Overview and Level Annotations

Branches:
Dungeon (2/15)

Altars:
Ashenzari
Fedhas
Ru


Innate Abilities, Weirdness & Mutations

You have extremely sharp teeth.
When hurt, damage is shared between your health and your magic reserves.
Your bite disrupts and absorbs the magic of your enemies.
Potions cannot restore your health.
You are immune to rotting.
You have a pair of horns on your head.
You have razor-sharp toenails.


Message History

You grow a pair of large bovine horns.
Your feet morph into talons.
The adder bites you but does no damage. The gnoll barely misses you. x2
You miss the adder. Your kick misses the adder. Your bite misses the adder.
The ball python bites you. The ball python grabs you.
The ball python constricts you. The adder closely misses you.
The gnoll hits you from afar with a +0 halberd.
The gnoll hits you from afar with a +0 spear.
The ball python barely misses you. The ball python constricts you.
The gnoll sergeant hits you but does no damage.
The adder bites you.
You escape the ball python's grasp.
The gnoll hits you from afar with a +0 halberd.
* * * LOW HITPOINT WARNING * * *
The ball python barely misses you. The ball python completely misses you.
Your transformation is almost over.
The ball python bites you.
* * * LOW HITPOINT WARNING * * *
The ball python closely misses you.
The gnoll hits you from afar with a +0 spear.
You die...

#.........=...
#.............
###.............
................
#.............
#...g.g.......
#...ggg.......
#.#SS##.##....
#.#@## .# ##
#.#.# #. #.#.#
#. #.#.# .###
#.#.# #.######
#.#.# #......#
#.### #.####.#
#.# #.# #.#
#.####
##.####.###


You could see a gnoll sergeant, 3 gnolls, an adder, a goblin and a ball python.

Vanquished Creatures
  An ooze (D:2)
  3 dart slugs
  A leopard gecko (D:1)
  2 bats (D:1)
  A giant cockroach (D:1)
  3 goblins (D:1)
  2 hobgoblins (D:2)
  2 jackals (D:2)
  A frilled lizard (D:2)
  4 kobolds
  7 rats
27 creatures vanquished.

Notes
Turn   | Place    | Note
-------+----------+-------------------------------------------
     0 | D:1      | DogServant the Vine Stalker Transmuter began the quest for
                  | the Orb.
     0 | D:1      | Reached XP level 1. HP: 9/9 MP: 4/4
   278 | D:1      | Reached XP level 2. HP: 14/14 MP: 4/6
  1087 | D:2      | Reached XP level 3. HP: 17/17 MP: 5/7
  1541 | D:2      | Found a broken altar of Ashenzari.
  1546 | D:2      | Found a blossoming altar of Fedhas.
  1561 | D:2      | Found a sacrificial altar of Ru.
  1774 | D:2      | Noticed a gnoll sergeant
  1782 | D:2      | Slain by a gnoll

Illustrated notes

Levels and vault maps discovered:
D:1:      ebering_trefoil_3fold, layout_loops_corners
D:2:      layout_basic, marbit_many_paths, minitemple

Skill      XL: |  1  2  3 |
---------------+----------+-----
Transmutations | 3 |  3.0
Fighting       | |  0.8
Dodging        | |  1.5
Unarmed Combat | |  3.7
Spellcasting   | |  2.1

Action                   || total
-------------------------++-------
Melee: Unarmed           ||    58
       Bite              ||    14
       Kick              ||     7
       Headbutt          ||     6
       Dagger            ||    22
Throw: Boomerang         ||     2
 Cast: Beastly Appendage ||    15
  Use: Scroll            ||     1
 Stab: Sleeping          ||     2
Armor: Robe              ||    10
Dodge: Dodged            ||    61

Table legend: (Time is in decaauts)
 A = Elapsed time spent in this place.
 B = Non-inter-level travel time spent in this place.
 C = Inter-level travel time spent in this place.
 D = Time resting spent in this place.
 E = Time spent auto-exploring this place.
 F = Levels seen in this place.
 G = Mean time per level.
                   A        B        C        D        E       F      G
               +--------+--------+--------+--------+--------+-----+--------+
         Total |   1778 |   1729 |     49 |    100 |   1431 |   2 |  889.0 |
       Dungeon |   1778 |   1729 |     49 |    100 |   1431 |   2 |  889.0 |
               +--------+--------+--------+--------+--------+-----+--------+

Top non-repeatable levels by time:
     D:1: 1016 daAuts
     D:2: 762 daAuts
